 Dungeon Crawl Stone Soup version 0.26-a0-611-g354ed81502 (webtiles) character file.

Game seed: 8869540914761906722

5537 anKLM the Covert (level 10, -2/54 HPs)
             Began as a Vampire Enchanter on Sept 6, 2020.
             Was a Believer of Dithmenos.
             Slain by an eight-headed hydra (8 damage)
             ... on level 10 of the Dungeon.
             The game lasted 00:45:01 (11397 turns).

anKLM the Covert (Vampire Enchanter)               Turns: 11397, Time: 00:45:02

Health: -2/54      AC: 10    Str:  7    XL:     10   Next: 43%
Magic:  0/18       EV: 16    Int: 20    God:    Dithmenos [**....]
Gold:   455        SH:  0    Dex: 22    Spells: 10/20 levels left

rFire    . . .     SeeInvis +   r - +3 dagger
rCold    + + .     Faith    .   (no shield)
rNeg     + + +     Spirit   +   E - +2 steam dragon scales
rPois    ∞         Reflect  .   (no helmet)
rElec    .         Harm     .   (no cloak)
rCorr    .                      m - +0 pair of gloves
MR       +....                  f - +1 pair of boots
Stlth    +++++++++.             u - amulet of guardian spirit
HPRegen  0.00/turn              b - +6 ring of dexterity
MPRegen  0.16/turn              (no ring)

@: confusing touch, bloodless, wreathed by umbra
A: fangs 3, see invisible, unbreathing
a: Bat Form, Revivify, Shadow Step, Renounce Religion


You were on level 10 of the Dungeon.
You worshipped Dithmenos.
Dithmenos was pleased with you.
You visited 2 branches of the dungeon, and saw 11 of its levels.

You collected 455 gold pieces.

Inventory:

Hand Weapons
 q - a +0 scythe
 r - a +3 dagger (weapon)
 x - the +11 flail "Qemoderph" {chaos, rElec Int+3}
   (You found it on level 5 of the Dungeon)

   Each time it hits an enemy it has a different, random effect.
   It affects your intelligence (+3).
   It insulates you from electricity.
 D - a +3 vorpal morningstar
 F - a +1 antimagic dagger
 H - a +3 scimitar
 L - a cursed +4 dagger
Missiles
 d - 19 boomerangs
 n - a throwing net
 z - 10 poisoned darts
 A - 8 curare-tipped darts (quivered)
Armour
 f - a +1 pair of boots (worn)
 k - a +0 scale mail
 m - a +0 pair of gloves (worn)
 w - a +3 ring mail
 E - +2 steam dragon scales (worn)
Magical Staves
 h - an uncursed staff of earth
Jewellery
 b - a +6 ring of dexterity (left hand)
 u - an amulet of guardian spirit (around neck)
 G - an uncursed ring of protection from fire
Wands
 s - a wand of acid (8)
 C - a wand of digging (7)
 K - a wand of paralysis (6)
Scrolls
 j - a scroll of amnesia
 t - a scroll of fog
 y - 2 scrolls of remove curse
 I - 2 scrolls of blinking
Potions
 a - 4 potions of flight
 c - 6 potions of curing
 e - a potion of brilliance {unknown}
 g - 2 potions of berserk rage {unknown}
 i - 3 potions of haste
 l - 2 potions of ambrosia
 o - 2 potions of mutation
 p - 3 potions of might {unknown}
 v - 3 potions of degeneration


   Skills:
 + Level 2.7 Fighting
 + Level 5.6 Short Blades
 + Level 0.1 Maces & Flails
 + Level 2.5 Armour
 + Level 5.2 Dodging
 + Level 13.8 Stealth
 + Level 5.9 Spellcasting
 + Level 9.7 Hexes
 + Level 4.5 Ice Magic


You had 10 spell levels left.
You knew the following spells:

 Your Spells              Type           Power        Failure   Level
b - Ensorcelled Hibernat  Hex/Ice        ####..       1%          2
c - Confusing Touch       Hex            #####...     1%          3
d - Tukima's Dance        Hex            #####...     1%          3
e - Poisonous Vapours     Pois/Air       #.....       16%         2

Your spell library contained the following spells:

 Spells                   Type           Power        Failure   Level
 Corona                   Hex            #####..      1%          1
 Dazzling Flash           Conj/Hex       ####..       4%          3
 Sting                    Tmut/Pois      #...         11%         1
 Metabolic Englaciation   Hex/Ice        ####......   16%         5
 Gell's Gravitas          Tloc           #.........   32%         3
 Ignite Poison            Fire/Tmut/Pois #.......     32%         3
 Mephitic Cloud           Conj/Pois/Air  #.......     32%         3
 Yara's Violent Unravell  Hex/Tmut       ####......   36%         5
 Olgreb's Toxic Radiance  Pois           #.......     71%         4
 Petrify                  Tmut/Erth      #.......     71%         4


Dungeon Overview and Level Annotations

Branches:
Dungeon (10/15)            Temple (1/1) D:6
   Lair: D:8-11         Orc: D:9-12

Altars:
Cheibriados
Dithmenos
Elyvilon
Fedhas
Gozag
Kikubaaqudgha
Qazlal
Ru
Sif Muna
Trog
Vehumet
Xom
Yredelemnul
Zin
The Shining One

Shops:
D:4 !   D:9 [

Annotations:
D:10 2 runed translucent doors


Innate Abilities, Weirdness & Mutations

You do not regenerate when monsters are visible.
You are frail without blood (-20% HP).
You can heal yourself when you bite living creatures.
You are immune to poison.
You have razor-sharp teeth.
You have supernaturally acute eyesight. (SInv)
You can survive without breathing.


Message History

Aiming: Ensorcelled Hibernation (safe; 1% risk of failure)
Press: ? - help, Shift-Dir - straight line, f/p - eight-headed hydra
Aim: an eight-headed hydra (umbra, chance to defeat MR: 28%)
The eight-headed hydra resists with almost no effort.
The eight-headed hydra misses you.
The eight-headed hydra closely misses you.
The eight-headed hydra misses you. The eight-headed hydra bites you. x2
The eight-headed hydra bites you! x3
Casting: Ensorcelled Hibernation (safe; 1% risk of failure)
Confirm with . or Enter, or press ? or * to list all spells.
Your hands begin to glow red.
The eight-headed hydra bites you! The eight-headed hydra bites you.
* * * LOW HITPOINT WARNING * * *
The eight-headed hydra closely misses you.
The eight-headed hydra bites you but does no damage.
The eight-headed hydra bites you!
* * * LOW HITPOINT WARNING * * *
The eight-headed hydra closely misses you.
The eight-headed hydra bites you!
You die...

........................ §≈......
........................ ≈≈....≈≈
.................≈≈≈.... ≈≈....≈≈
...........(.....≈§≈...........≈≈
.................≈≈§...........≈≈
...............................≈≈
.........≈≈≈≈≈...................
.........≈≈≈≈≈..D................
.........≈≈≈≈≈..@................
......y..≈≈≈≈≈.......≈≈≈≈≈.......
.........≈≈≈≈≈.......≈≈≈≈≈.......
..[)............<....≈≈≈≈≈.......
.....................≈≈≈≈≈.......
#....................≈≈≈≈≈.......
#................................
#..............................(.
#................................


You could see an eight-headed hydra.

Vanquished Creatures
  Maggie (D:6)
  3 hippogriffs
  Sigmund (D:2)
  A steam dragon (D:10)
  Duvessa (D:6)
  A hornet zombie (D:8)
  2 sky beasts
  2 black bears
  4 orc warriors
  3 ice beasts
  3 ogres
  7 centaurs
  6 bullfrogs
  5 scorpions
  Dowan (D:6)
  3 killer bees
  3 wights (D:9)
  An electric eel (D:10)
  3 howler monkeys
  A lava snake (D:10)
  4 hounds
  3 jellies
  7 orc wizards
  4 orc priests
  A bullfrog skeleton (D:7)
  3 iguanas
  8 worker ants
  A killer bee zombie (D:7)
  A hound zombie (D:7)
  Robin (D:2)
  A howler monkey skeleton (D:6)
  2 howler monkey zombies (D:5)
  A worker ant zombie (D:6)
  7 gnolls
  14 adders
  A shadow imp (D:4)
  2 white imps
  3 ufetubi
  2 oozes
  A worm (D:3)
  2 dart slugs
  2 leopard geckos
  28 orcs
  5 giant cockroaches
  13 goblins
  9 hobgoblins
  16 jackals
  4 kobolds
  4 quokkas
  2 ball pythons
  11 bats
  9 frilled lizards
  A quokka skeleton (D:9)
  6 rats
231 creatures vanquished.

Vanquished Creatures (collateral kills)
  2 wights (D:9)
2 creatures vanquished.

Vanquished Creatures (others)
  2 dancing weapons
  9 plants (D:4)
11 creatures vanquished.

Grand Total: 244 creatures vanquished

Notes
Turn   | Place    | Note
-------+----------+-------------------------------------------
     0 | D:1      | anKLM the Vampire Enchanter began the quest for the Orb.
     0 | D:1      | Reached XP level 1. HP: 13/13 MP: 3/3
   163 | D:1      | Reached XP level 2. HP: 19/19 MP: 5/5
   167 | D:1      | Learned a level 2 spell: Ensorcelled Hibernation
   542 | D:1      | Found an iron altar of Okawaru.
   544 | D:1      | Found a shimmering altar of Xom.
   544 | D:1      | Found a shimmering altar of Xom.
   546 | D:1      | Found a bloodstained altar of Trog.
   546 | D:1      | Found a bloodstained altar of Trog.
   546 | D:1      | Found a sparkling altar of Nemelex Xobeh.
   858 | D:2      | Reached skill level 5 in Hexes
   960 | D:2      | Reached skill level 5 in Stealth
   977 | D:2      | Reached XP level 3. HP: 23/25 MP: 6/6
   982 | D:2      | Learned a level 3 spell: Confusing Touch
  1227 | D:2      | Found an opulent altar of Gozag.
  1442 | D:2      | Reached XP level 4. HP: 24/24 MP: 4/7
  1840 | D:2      | Noticed Robin
  1893 | D:2      | Killed Robin
  2242 | D:2      | Reached skill level 1 in Armour
  2488 | D:2      | Found a shimmering altar of Xom.
  2519 | D:2      | Noticed Sigmund
  2526 | D:2      | Killed Sigmund
  2526 | D:2      | Reached skill level 1 in Fighting
  2526 | D:2      | Reached skill level 6 in Stealth
  2526 | D:2      | Reached skill level 1 in Ice Magic
  2526 | D:2      | Reached XP level 5. HP: 29/29 MP: 7/9
  2526 | D:2      | Reached XP level 6. HP: 34/34 MP: 7/10
  2533 | D:2      | Learned a level 3 spell: Tukima's Dance
  2985 | D:3      | Found a blossoming altar of Fedhas.
  2999 | D:3      | Noticed a hippogriff
  3557 | D:3      | Killed a hippogriff
  3557 | D:3      | Reached skill level 7 in Stealth
  3557 | D:3      | Reached XP level 7. HP: 27/38 MP: 5/12
  4132 | D:4      | Reached skill level 8 in Stealth
  4781 | D:4      | Found Rizyol's Distillery.
  4919 | D:5      | Entered Level 5 of the Dungeon
  4922 | D:5      | Got an ichor-stained flail
  5131 | D:5      | Found a basalt altar of Yredelemnul.
  5183 | D:5      | Found a white marble altar of Elyvilon.
  5255 | D:5      | Identified the +11 flail "Qemoderph" {chaos, rElec Int+3}
                  | (You found it on level 5 of the Dungeon)
  5270 | D:5      | Reached XP level 8. HP: 43/43 MP: 13/13
  5323 | D:5      | Reached skill level 9 in Stealth
  5670 | D:5      | Noticed an angel
  5671 | D:5      | Found a glowing silver altar of Zin.
  6189 | D:6      | Found a staircase to the Ecumenical Temple.
  6195 | Temple   | Entered the Ecumenical Temple
  6231 | Temple   | Became a worshipper of Dithmenos the Shadowed
  6508 | D:6      | Found a snail-covered altar of Cheibriados.
  6588 | D:6      | Noticed Maggie
  6591 | D:6      | Killed Maggie
  6591 | D:6      | Reached skill level 10 in Stealth
  6832 | D:6      | Noticed Dowan
  6833 | D:6      | Noticed Duvessa
  6837 | D:6      | Killed Dowan
  6849 | D:6      | Killed Duvessa
  6849 | D:6      | Reached XP level 9. HP: 48/48 MP: 8/15
  7002 | D:6      | Reached skill level 11 in Stealth
  7690 | D:6      | Reached * piety under Dithmenos
  7891 | D:6      | Reached skill level 5 in Short Blades
  8026 | D:6      | Reached skill level 12 in Stealth
  8026 | D:6      | Reached skill level 5 in Spellcasting
  9191 | D:8      | Reached skill level 13 in Stealth
  9191 | D:8      | Reached XP level 10. HP: 50/54 MP: 3/17
  9207 | D:8      | Reached ** piety under Dithmenos
  9697 | D:9      | Reached skill level 5 in Dodging
  9917 | D:9      | Found Ecucuopp's Antique Armour Shoppe.
 10373 | D:9      | Learned a level 2 spell: Poisonous Vapours
 10783 | D:10     | Entered Level 10 of the Dungeon
 11034 | D:10     | Noticed an eight-headed hydra
 11037 | D:10     | Found a large runed translucent door.
 11038 | D:10     | Found a large runed translucent door.
 11397 | D:10     | Slain by an eight-headed hydra

Illustrated notes

Levels and vault maps discovered:
D:1:      lemuel_arrival_river_ford, layout_loops_cross, doesnt_xom_only_xom
D:2:      layout_loops_corners, marbit_many_paths, lemuel_doored_altar,
          amethyst_killhole, roderic_serpentine_path, uniq_robin, uniq_sigmund
D:3:      layout_loops_cross, serial_rivers, chequers_serial_rivers_marsh,
          chequers_serial_rivers_micro_b, chequers_serial_rivers_small_b,
          chequers_serial_rivers_large_b, chequers_serial_rivers_room_b,
          st_stairs_14, fedhas_altar_2
D:4:      layout_basic, serial_shops, kennysheep_mini, serial_bayou,
          serial_bayou_shore_b, serial_bayou_lake_a, serial_bayou_shore_b,
          serial_bayou_pond_b
D:5:      layout_basic, kennysheep_ying_yang, zin_angel,
          minmay_misc_feat_secret_circle
D:6:      layout_gridville, cheibriados_altar_1,
          minmay_temple_entry_enclosed_plants, uniq_maggie, uniq_duvessa
D:7:      layout_rooms, st_stairs_4
D:8:      layout_cave_pods
D:9:      layout_stronghold, serial_shops, shop, grunt_decor_cap
D:10:     layout_big_octagon, kennysheep_donut, jmf_multi_god_temple2
Temple:   eino_temple_rhombus

Skill      XL: |  1  2  3  4  5  6  7  8  9 10 |
---------------+-------------------------------+-----
Hexes          | 5 6 7 9 |  9.7
Stealth        | 5 6 7 8 10 13 | 13.8
Armour         | 1 2 |  2.5
Fighting       | 1 2 |  2.7
Short Blades   | 2 3 4 5 |  5.6
Dodging        | 3 4 5 |  5.2
Ice Magic      | 1 2 3 4 |  4.5
Spellcasting   | 3 4 5 |  5.9
Maces & Flails | |  0.1

Action                   |  1- 3 |  4- 6 |  7- 9 | 10-12 || total
-------------------------+-------+-------+-------+-------++-------
Melee: Dagger            |   116 |   116 |   295 |   120 ||   647
       Bite              |     8 |    15 |    25 |    10 ||    58
       Flail             |       |       |     3 |       ||     3
Throw: Dart              |       |       |     1 |       ||     1
 Cast: Corona            |     1 |       |       |       ||     1
       Ensorcelled Hiber |    10 |    36 |    73 |    24 ||   143
       Confusing Touch   |       |     1 |     4 |     1 ||     6
       Tukima's Dance    |       |       |     4 |     6 ||    10
 Abil: Exsanguinate      |     1 |       |       |       ||     1
  Use: Scroll            |     6 |     3 |     7 |     7 ||    23
 Stab: Sleeping          |    11 |    25 |    77 |    26 ||   139
       Distracted        |     1 |       |     1 |     2 ||     4
       Confused          |       |     1 |     4 |       ||     5
Armor: Leather armour    |    45 |    45 |    20 |       ||   110
       Robe              |     2 |       |       |       ||     2
       Steam dragon scal |       |       |    60 |    31 ||    91
Dodge: Dodged            |    79 |    82 |   209 |   101 ||   471

Table legend: (Time is in decaauts)
 A = Elapsed time spent in this place.
 B = Non-inter-level travel time spent in this place.
 C = Inter-level travel time spent in this place.
 D = Time resting spent in this place.
 E = Time spent auto-exploring this place.
 F = Levels seen in this place.
 G = Mean time per level.
                   A        B        C        D        E       F      G
               +--------+--------+--------+--------+--------+-----+--------+
         Total |  11388 |  10781 |    607 |    973 |   6530 |  11 | 1035.3 |
       Dungeon |  11335 |  10743 |    592 |    973 |   6501 |  10 | 1133.5 |
        Temple |     52 |     37 |     15 |      0 |     29 |   1 |   52.0 |
               +--------+--------+--------+--------+--------+-----+--------+

Top non-repeatable levels by time:
     D:6: 1843 daAuts
     D:2: 1715 daAuts
     D:9: 1264 daAuts
     D:5: 1243 daAuts
     D:3: 1101 daAuts
     D:4: 1075 daAuts
     D:1: 1075 daAuts
     D:8: 1053 daAuts
     D:7: 538 daAuts
    D:10: 426 daAuts
  Temple: 52 daAuts
